[Event "Titled Tuesday Blitz December 13 Late 2022"]
[White "Kujawski, Adam"]
[Black "Janaszak, Dawid"]
[WhiteFideId "1100920"]
[BlackFideId "1119206"]
[WhiteElo "2054"]
[BlackElo "2220"]
[Result "0-1"]
[Round "09"]
[TimeControl "180+1"]
[Date "2022.12.14"]
[WhiteClock "0:00:01"]
[BlackClock "0:00:29"]

1. e4 e5 2. Nf3 Nc6 3. Bb5 a6 4. Ba4 d6 5. O-O Nf6 6. Re1 Be7 7. c3 O-O 8. h3 Kh8 9. d4 Bd7 10. d5 Nb8 11. c4 c6 12. Bc2 b5 13. b3 bxc4 14. bxc4 cxd5 15. cxd5 a5 16. Bd3 Na6 17. Ba3 Nb4 18. Nc3 Rc8 19. Rc1 Qb6 20. Bf1 g6 21. Nd2 Nh5 22. Nc4 Qa7 23. Bb2 f5 24. a3 Na6 25. exf5 Rb8 26. fxg6 Qxf2+ 27. Kh1 hxg6 28. Ne4 Ng3+ 29. Nxg3 Qxg3 30. Rc3 Qf2 31. Rce3 Nc5 32. Nxe5 Rxb2 33. Nxg6+ Kg7 34. Rxe7+ Kxg6 35. Rxd7 Nxd7 36. Qg4+ Kh6 37. Re6+ Nf6 0-1


[Site "https://www.chess.com"]

[Event "Titled Tuesday Blitz December 13 Late 2022"]
[White "Marchesich, Giovanni"]
[Black "Reprintsev, Alexander"]
[WhiteFideId "2824790"]
[BlackFideId "14100541"]
[WhiteElo "2200"]
[BlackElo "2230"]
[Result "0-1"]
[Round "09"]
[TimeControl "180+1"]
[Date "2022.12.14"]
[WhiteClock "0:00:02"]
[BlackClock "0:00:16"]

1. e4 d5 2. Nc3 d4 3. Nce2 c5 4. Ng3 Qa5 5. Nf3 Nc6 6. Bc4 h5 7. h4 Bg4 8. O-O e6 9. Be2 Bd6 10. d3 Qc7 11. Nh2 Bxe2 12. Qxe2 Bxg3 13. fxg3 Qxg3 14. Bg5 f6 15. Rf3 Qc7 16. Bf4 e5 17. Bg3 O-O-O 18. Raf1 Nge7 19. Be1 Kb8 20. Bd2 Ka8 21. Rg3 Nc8 22. Rg6 Nd6 23. Rf3 Rd7 24. Rfg3 a6 25. a3 Ka7 26. Nf1 Nd8 27. Rf3 Ne6 28. Rgg3 c4 29. Bb4 cxd3 30. cxd3 a5 31. Bd2 Qc2 32. Qe1 b6 33. Rf2 Qb3 34. Qe2 Rc7 35. Qe1 Rc2 36. Bc1 Rhc8 37. Rxc2 Qxc2 38. Bd2 Qxb2 39. Qd1 Rc2 40. Qxh5 Rxd2 41. Nxd2 Qxd2 42. Qh8 Qc1+ 43. Kh2 Qxa3 44. Qg8 Qb3 45. h5 a4 46. h6 gxh6 47. Rg6 Nc5 0-1


[Site "https://www.chess.com"]

[Event "Titled Tuesday Blitz December 13 Late 2022"]
[White "Martinez Alcantara, Jose Eduardo"]
[Black "Domingo Nunez, Ruben"]
[WhiteFideId "3805662"]
[BlackFideId "22245570"]
[WhiteElo "2707"]
[BlackElo "2406"]
[Result "1-0"]
[Round "09"]
[TimeControl "180+1"]
[Date "2022.12.13"]
[WhiteClock "0:00:10"]
[BlackClock "0:00:03"]

1. e4 d6 2. d4 Nf6 3. Bd3 e5 4. c3 d5 5. dxe5 Nxe4 6. Nf3 Nc5 7. Be2 Nc6 8. O-O Bg4 9. Nbd2 Be7 10. Nd4 Bxe2 11. Qxe2 Nxd4 12. cxd4 Ne6 13. Nb3 Qd7 14. f4 g6 15. f5 gxf5 16. Rxf5 c5 17. Qh5 O-O-O 18. Rxf7 c4 19. Nc5 Nxc5 20. dxc5 Bxc5+ 21. Kh1 Rdf8 22. Rf6 Qe6 23. Bg5 Rxf6 24. exf6 h6 25. Bh4 Re8 26. f7 Rf8 27. Rf1 Bd4 28. Bg3 Bxb2 29. Qf3 c3 30. Qf4 Rxf7 31. Qb8+ Kd7 32. Qxb7+ Ke8 33. Qb8+ Kd7 34. Qxa7+ Ke8 35. Qb8+ Kd7 36. Qb5+ Ke7 37. Re1 Qxe1+ 38. Bxe1 c2 39. Bd2 1-0


[Site "https://www.chess.com"]

[Event "Titled Tuesday Blitz December 13 Late 2022"]
[White "Martinez Ramirez, Lennis"]
[Black "Nasuta, Grzegorz"]
[WhiteFideId "3509079"]
[BlackFideId "1141686"]
[WhiteElo "2439"]
[BlackElo "2441"]
[Result "1-0"]
[Round "09"]
[TimeControl "180+1"]
[Date "2022.12.13"]
[WhiteClock "0:00:51"]
[BlackClock "0:00:02"]

1. Nf3 Nf6 2. c4 c5 3. e3 Nc6 4. d4 cxd4 5. exd4 d5 6. Nc3 Be6 7. Bg5 Qd7 8. Qa4 Rd8 9. Rd1 g6 10. Ne5 Nxe5 11. dxe5 Qxa4 12. Nxa4 Ne4 13. cxd5 Rxd5 14. Rxd5 Bxd5 15. Bb5+ Kd8 16. Be3 a6 17. Nb6 axb5 18. Nxd5 e6 19. Nf4 Bc5 20. Ke2 Bxe3 21. Kxe3 Nc5 22. Rc1 Nd7 23. Nd3 b6 24. f4 Ke7 25. Rc7 Ra8 26. a3 Kd8 27. Rc3 Ra4 28. g4 f6 29. b4 fxe5 30. fxe5 g5 31. Kd4 h6 32. Nf2 Ra8 33. Ne4 Ke7 34. Rc7 Kd8 35. Rb7 Kc8 36. Nd6+ Kd8 37. Nxb5 Kc8 38. Nd6+ Kd8 39. Nb5 Kc8 40. Rc7+ Kd8 41. Rc6 Ke7 42. Rxe6+ Kxe6 43. Nc7+ Ke7 44. Nxa8 Kd8 45. e6 Nf6 46. h3 h5 47. gxh5 Nxh5 48. Nxb6 Nf4 49. e7+ Ke8 50. a4 Nxh3 51. a5 g4 52. a6 1-0


[Site "https://www.chess.com"]

[Event "Titled Tuesday Blitz December 13 Late 2022"]
[White "Meduri, Aakaash"]
[Black "Thomforde-Toates, Noah"]
[WhiteFideId "2032252"]
[BlackFideId "30951992"]
[WhiteElo "2462"]
[BlackElo "2593"]
[Result "0-1"]
[Round "09"]
[TimeControl "180+1"]
[Date "2022.12.14"]
[WhiteClock "0:00:04"]
[BlackClock "0:00:19"]

1. d4 Nf6 2. Bf4 g6 3. e3 Bg7 4. Be2 d6 5. h4 h5 6. Nf3 Nbd7 7. O-O b6 8. a4 a6 9. c4 a5 10. Nc3 Bb7 11. Qc2 O-O 12. Ng5 e5 13. dxe5 Nxe5 14. Bxe5 dxe5 15. Rad1 Qe7 16. Bf3 Bxf3 17. Nxf3 Rfd8 18. e4 c6 19. Qe2 Nd7 20. Rd2 Nc5 21. Rfd1 f6 22. Qe3 Kh7 23. Qe2 Bh6 24. Rxd8 Rxd8 25. Ne1 Kg7 26. Nd3 Ne6 27. b3 Nd4 28. Qb2 Kf7 29. b4 axb4 30. Qxb4 Ne2+ 31. Kf1 Nxc3 32. Qxc3 Rd4 33. Re1 Bf8 34. c5 Qd7 35. Qb3+ Kg7 36. Re3 bxc5 37. Ne1 c4 38. Qc3 Bc5 39. Re2 Qe6 40. a5 Qd6 41. Rb2 Rxe4 42. a6 Bd4 43. Qb4 Bc5 44. Qb7+ Kh6 45. Rb1 Qd4 46. Rb2 c3 47. Rc2 Qc4+ 48. Kg1 Rxe1+ 49. Kh2 Qxh4# 0-1


[Site "https://www.chess.com"]

[Event "Titled Tuesday Blitz December 13 Late 2022"]
[White "Melikyan, Gnel"]
[Black "Rorrer, Grayson"]
[WhiteFideId "54109990"]
[BlackFideId "30944996"]
[WhiteElo "2138"]
[BlackElo "2200"]
[Result "1-0"]
[Round "09"]
[TimeControl "180+1"]
[Date "2022.12.13"]
[WhiteClock "0:00:21"]
[BlackClock "0:00:01"]

1. e4 c5 2. Nf3 d6 3. d4 cxd4 4. Nxd4 Nf6 5. Nc3 a6 6. Be3 e5 7. Nf3 Qc7 8. a4 Be7 9. Be2 O-O 10. O-O Nbd7 11. Qd3 Nc5 12. Qc4 Be6 13. Nd5 Nxd5 14. exd5 b5 15. Qa2 Bd7 16. axb5 axb5 17. Qxa8 Rxa8 18. Rxa8+ Bf8 19. Rfa1 Na4 20. Bd3 f5 21. Ng5 e4 22. Bxb5 Qb7 23. Bxd7 Qxa8 24. Rxa4 Qb7 25. Ra7 Qxb2 26. Be6+ Kh8 27. h4 Qb1+ 28. Kh2 Qxc2 29. Ra8 g6 30. Bd4# 1-0


[Site "https://www.chess.com"]

[Event "Titled Tuesday Blitz December 13 Late 2022"]
[White "Mitrovic, Darko R"]
[Black "Dias, Joao Batista"]
[WhiteFideId "927023"]
[BlackFideId "2108240"]
[WhiteElo "2150"]
[BlackElo "1898"]
[Result "1-0"]
[Round "09"]
[TimeControl "180+1"]
[Date "2022.12.14"]
[WhiteClock "0:01:10"]
[BlackClock "0:01:50"]

1. d4 d5 2. Nf3 Nf6 3. g3 c6 4. Bg2 Bg4 5. O-O Nbd7 6. Nbd2 e6 7. c4 h6 8. Qc2 Bh5 9. e4 Bg6 10. Ne5 dxe4 11. Nxg6 fxg6 12. Nxe4 Nxe4 13. Bxe4 Qf6 14. Bxg6+ Kd8 15. Bf4 Nb6 16. Rad1 Nxc4 17. Qxc4 Qxg6 18. Qb3 Qf7 19. Rfe1 g5 20. Rxe6 gxf4 21. Rd6+ Qd7 22. Rxd7+ Kxd7 23. Qxb7+ Kd6 24. Qxa8 1-0


[Site "https://www.chess.com"]

[Event "Titled Tuesday Blitz December 13 Late 2022"]
[White "Moral Garcia, Serafin"]
[Black "Lacasa Diaz, Jose Antonio"]
[WhiteFideId "2201925"]
[BlackFideId "2203375"]
[WhiteElo "2259"]
[BlackElo "2338"]
[Result "1/2-1/2"]
[Round "09"]
[TimeControl "180+1"]
[Date "2022.12.14"]
[WhiteClock "0:00:11"]
[BlackClock "0:00:15"]

1. e4 c5 2. Nf3 e6 3. c3 d5 4. exd5 Qxd5 5. d4 Nf6 6. a3 Nc6 7. Be3 cxd4 8. cxd4 Be7 9. Nc3 Qd6 10. Bd3 O-O 11. Qc2 g6 12. O-O Rd8 13. Rad1 Bd7 14. Rfe1 Rac8 15. Qd2 Qb8 16. Bf4 Bd6 17. Bxd6 Qxd6 18. Be4 Be8 19. Qg5 Kg7 20. d5 exd5 21. Nxd5 Nxd5 22. Bxd5 Qf6 23. b4 Qxg5 24. Nxg5 h6 25. Ne4 b6 26. f3 Ne7 27. Bb3 Rxd1 28. Rxd1 Bc6 29. Nd6 Rf8 30. Kf2 Nc8 31. Nxc8 Rxc8 32. Ke3 Kf8 33. Rc1 Bd7 34. Rxc8+ Bxc8 35. Kd4 Ke7 36. f4 f6 37. g3 Kd6 38. Bf7 g5 39. h4 gxh4 40. gxh4 a5 41. Bc4 axb4 42. axb4 Bd7 43. Bb3 Bc6 44. Bf7 Bd7 1/2-1/2


[Site "https://www.chess.com"]

[Event "Titled Tuesday Blitz December 13 Late 2022"]
[White "Musovic, Armin"]
[Black "Dzierzak, Radoslaw"]
[WhiteFideId "939935"]
[BlackFideId "1161407"]
[WhiteElo "2288"]
[BlackElo "2111"]
[Result "1-0"]
[Round "09"]
[TimeControl "180+1"]
[Date "2022.12.14"]
[WhiteClock "0:00:35"]
[BlackClock "0:00:09"]

1. a3 e5 2. Nc3 d5 3. d4 e4 4. Bf4 c6 5. e3 Nf6 6. Nge2 Nh5 7. Be5 Bd6 8. Nf4 Nxf4 9. exf4 f6 10. Bxd6 Qxd6 11. Qh5+ g6 12. Qh4 b6 13. O-O-O Ba6 14. f5 g5 15. Qh5+ Ke7 16. Qh6 Kf7 17. f3 exf3 18. gxf3 Qf4+ 19. Kb1 Qh4 20. Qxh4 gxh4 21. Bh3 Nd7 22. Rde1 Rhe8 23. Re6 Rac8 24. Rg1 Nf8 25. Rxe8 Rxe8 26. Rg4 Re1+ 27. Ka2 Bc4+ 28. b3 Bf1 29. Rxh4 Re3 30. Bxf1 Rxc3 31. Bd3 c5 32. Kb2 cxd4 33. Rxd4 Rc6 34. Rxd5 Ke7 35. Rd4 Rd6 36. Ra4 a5 37. Re4+ Kd8 38. Rh4 Rd5 39. a4 Re5 40. Be4 Rc5 41. c4 Ke7 42. Kc3 Kf7 43. Kd4 Kg7 44. Rg4+ Kf7 45. Bd5+ Ke7 46. Rg7+ Kd6 47. Rf7 Nd7 48. Rxh7 Rc7 49. f4 Rc8 50. Be6 Nc5 51. Bxc8 Ne4 52. Rd7+ Kc6 53. Bb7+ Kxd7 54. Bxe4 Kd6 55. Bd5 b5 56. axb5 Kc7 57. c5 Kb8 58. h4 a4 59. bxa4 Ka7 60. Bc6 Kb8 61. Kd5 Ka7 62. Kd6 Kb8 63. h5 Ka7 64. h6 Kb8 65. h7 Ka7 66. a5 1-0


[Site "https://www.chess.com"]

[Event "Titled Tuesday Blitz December 13 Late 2022"]
[White "Nakamura, Hikaru"]
[Black "Vasquez Schroeder, Rodrigo"]
[WhiteFideId "2016192"]
[BlackFideId "3400042"]
[WhiteElo "2909"]
[BlackElo "2603"]
[Result "1-0"]
[Round "09"]
[TimeControl "180+1"]
[Date "2022.12.13"]
[WhiteClock "0:00:29"]
[BlackClock "0:00:20"]

1. d4 Nf6 2. Bg5 e6 3. Nd2 d5 4. e4 Be7 5. e5 Nfd7 6. Bxe7 Qxe7 7. Qg4 f6 8. exf6 Nxf6 9. Qg3 c5 10. dxc5 O-O 11. Qd6 Qxd6 12. cxd6 Rd8 13. Ngf3 Rxd6 14. h3 Nbd7 15. O-O-O a6 16. Re1 Nc5 17. Ne5 b5 18. Nb3 Nce4 19. f3 Ng3 20. Rg1 Kf8 21. Bd3 Ke7 22. Nd4 Kd8 23. Nf7+ Kc7 24. Ng5 Kb6 25. c3 Ra7 26. Ngxe6 Bxe6 27. Nxe6 Re7 28. Nd4 Rdd7 29. Kd2 g6 30. a4 bxa4 31. Ra1 a5 32. Rxa4 Ra7 33. Rb1 Kc5 34. Rba1 Kb6 35. b4 axb4 36. Ra6+ 1-0


[Site "https://www.chess.com"]

[Event "Titled Tuesday Blitz December 13 Late 2022"]
[White "O`Gorman, Tom"]
[Black "Kupervaser, Erez"]
[WhiteFideId "2508249"]
[BlackFideId "2814587"]
[WhiteElo "2604"]
[BlackElo "2500"]
[Result "1-0"]
[Round "09"]
[TimeControl "180+1"]
[Date "2022.12.14"]
[WhiteClock "0:01:55"]
[BlackClock "0:00:18"]

1. e4 g6 2. d4 Nf6 3. e5 Nh5 4. g4 Ng7 5. Bg2 d6 6. f4 h5 7. h3 dxe5 8. fxe5 Nc6 9. Be3 hxg4 10. hxg4 Rxh1 11. Bxh1 e6 12. Nf3 Bb4+ 13. c3 Be7 14. Nbd2 Bh4+ 15. Kf1 Bd7 16. Ne4 Qe7 17. Bh6 Kf8 18. g5 Kg8 19. Nf6+ Kh8 20. Bxg7+ Kxg7 21. Nxh4 Rh8 22. Qg4 Nxe5 23. dxe5 Bb5+ 24. c4 Qb4 25. cxb5 Qxb2 26. Re1 Qh2 27. Nf3 Qxh1+ 28. Kf2 1-0


[Site "https://www.chess.com"]

[Event "Titled Tuesday Blitz December 13 Late 2022"]
[White "Omelja, Artem"]
[Black "Gasparyan, David"]
[WhiteFideId "14119846"]
[BlackFideId "13311980"]
[WhiteElo "2404"]
[BlackElo "2435"]
[Result "0-1"]
[Round "09"]
[TimeControl "180+1"]
[Date "2022.12.14"]
[WhiteClock "0:00:02"]
[BlackClock "0:00:12"]

1. e4 c5 2. Nf3 Nc6 3. Bb5 Qb6 4. Nc3 e6 5. O-O d6 6. a4 Be7 7. d4 cxd4 8. a5 Qc7 9. Qxd4 Nf6 10. Nd5 exd5 11. exd5 O-O 12. dxc6 bxc6 13. Bd3 c5 14. Qh4 Bb7 15. Bg5 h6 16. Bxh6 gxh6 17. Qxh6 c4 18. Ra4 d5 19. Ng5 Qe5 20. Nh7 Ng4 21. Qh3 Qxh2+ 22. Qxh2 Nxh2 23. Bf5 Nxf1 24. Kxf1 Bc6 25. Ra1 Rfd8 26. Ke2 Bd7 27. Bxd7 Rxd7 28. Rh1 Bd8 29. f4 f5 30. Ng5 Bxg5 31. fxg5 Rg7 32. Rh5 Kf7 33. Kf3 Kg6 34. Rh6+ Kxg5 35. Rd6 Re8 36. Rxd5 Rge7 37. Rd2 Re3+ 38. Kf2 Kg4 39. Rd4+ f4 40. Rxc4 Re1 41. g3 R8e2# 0-1


[Site "https://www.chess.com"]

[Event "Titled Tuesday Blitz December 13 Late 2022"]
[White "Oro, Faustino"]
[Black "Radovanovic, Dusan"]
[WhiteFideId "20000197"]
[BlackFideId "926868"]
[WhiteElo "1984"]
[BlackElo "2337"]
[Result "0-1"]
[Round "09"]
[TimeControl "180+1"]
[Date "2022.12.14"]
[WhiteClock "0:00:06"]
[BlackClock "0:00:16"]

1. e4 c5 2. Nf3 d6 3. Bb5+ Nd7 4. O-O a6 5. Be2 Ngf6 6. d3 e6 7. c3 b6 8. Re1 Bb7 9. Nbd2 Be7 10. Bf1 e5 11. Nc4 b5 12. Ne3 O-O 13. Nf5 Re8 14. Nxe7+ Qxe7 15. Bg5 h6 16. Bh4 Nf8 17. Qd2 Ng6 18. Bg3 Nh5 19. Rad1 Qf6 20. h3 Nhf4 21. Nh2 h5 22. Kh1 Rad8 23. c4 Ne6 24. b3 Nd4 25. f3 Nf4 26. Bf2 b4 27. g3 Nfe6 28. Bg2 a5 29. h4 a4 30. Rb1 Ra8 31. Be3 axb3 32. axb3 Ra3 33. Qd1 Rea8 34. Nf1 g6 35. Nd2 Ra2 36. Bg1 R8a3 37. Rf1 Rc2 38. Rf2 Raa2 39. Qe1 Qd8 40. Qe3 Kg7 41. Rbf1 f5 42. exf5 Nxf5 43. Qe1 Nxg3+ 44. Kh2 Nxf1+ 45. Rxf1 Rxd2 0-1


[Site "https://www.chess.com"]

[Event "Titled Tuesday Blitz December 13 Late 2022"]
[White "Osmonbekov, Talaibek"]
[Black "Ansh M Shah"]
[WhiteFideId "2017253"]
[BlackFideId "25033379"]
[WhiteElo "2135"]
[BlackElo "2084"]
[Result "1-0"]
[Round "09"]
[TimeControl "180+1"]
[Date "2022.12.14"]
[WhiteClock "0:00:59"]
[BlackClock "0:01:22"]

1. d4 Nf6 2. Bf4 e6 3. Nc3 d5 4. e3 Bd6 5. Nf3 Bxf4 6. exf4 O-O 7. Bd3 c5 8. dxc5 Nc6 9. O-O Qe7 10. Na4 Bd7 11. c3 Na5 12. b4 Nc4 13. Bxc4 dxc4 14. Re1 Rfd8 15. Ne5 Bxa4 16. Qxa4 Nd5 17. Nxc4 Nxc3 18. Qc2 Nd5 19. f5 Nxb4 20. Qe4 Qxc5 21. fxe6 fxe6 22. Qxe6+ Kh8 23. Ne5 Qd5 24. Nf7+ Kg8 25. Nxd8+ 1-0


[Site "https://www.chess.com"]

[Event "Titled Tuesday Blitz December 13 Late 2022"]
[White "Pakleza, Zbigniew"]
[Black "Kamsky, Gata"]
[WhiteFideId "1119290"]
[BlackFideId "2000024"]
[WhiteElo "2410"]
[BlackElo "2666"]
[Result "1/2-1/2"]
[Round "09"]
[TimeControl "180+1"]
[Date "2022.12.13"]
[WhiteClock "0:00:57"]
[BlackClock "0:01:36"]

1. d4 Nf6 2. Nf3 d5 3. Bf4 Bf5 4. c4 e6 5. Nc3 Bb4 6. e3 O-O 7. Rc1 c5 8. Bd3 dxc4 9. Bxc4 Nc6 10. O-O cxd4 11. Nxd4 Nxd4 12. Qxd4 Qxd4 13. exd4 Rac8 14. Bb3 Rfd8 15. Rfd1 a6 16. a3 Be7 17. h3 h6 18. Kf1 Ne4 19. Nxe4 Bxe4 20. Rxc8 Rxc8 21. Rc1 Rxc1+ 22. Bxc1 Bf6 23. Be3 Kf8 24. f3 Bd5 25. Bc2 h5 26. Ke2 g6 27. g4 Ke7 28. Be4 Kd6 29. Kd3 b5 30. Bf4+ 1/2-1/2


[Site "https://www.chess.com"]

[Event "Titled Tuesday Blitz December 13 Late 2022"]
[White "Petrovic, Aleksa"]
[Black "Curtis, John"]
[WhiteFideId "967629"]
[BlackFideId "3200256"]
[WhiteElo "2230"]
[BlackElo "2203"]
[Result "0-1"]
[Round "09"]
[TimeControl "180+1"]
[Date "2022.12.14"]
[WhiteClock "0:00:09"]
[BlackClock "0:00:04"]

1. d4 Nf6 2. c4 e6 3. Nf3 Bb4+ 4. Bd2 Qe7 5. g3 Ne4 6. a3 Bxd2+ 7. Nbxd2 Nxd2 8. Qxd2 O-O 9. Bg2 d6 10. O-O e5 11. d5 Nd7 12. b4 a5 13. e4 g6 14. Ne1 axb4 15. Qxb4 Nc5 16. Nc2 Ra4 17. Qc3 Bd7 18. f4 f6 19. f5 gxf5 20. exf5 Kh8 21. Rae1 Qg7 22. Ne3 Rfa8 23. Ra1 Rg8 24. Rfb1 b6 25. Rb4 Rga8 26. Rxa4 Nxa4 27. Qb4 Nc5 28. Rf1 Qh6 29. Qc3 Rg8 30. Qe1 Nd3 31. Qe2 Nc5 32. g4 Qh4 33. Qf2 Qxf2+ 34. Kxf2 h6 35. h4 Nd3+ 36. Kg3 Nf4 37. Be4 h5 38. Rxf4 exf4+ 39. Kxf4 hxg4 40. Nxg4 Kg7 41. h5 Ra8 42. h6+ Kf7 43. Bf3 Ba4 44. Ne3 Rh8 45. Bh5+ Ke7 46. Ng4 Bd1 47. Bg6 Bxg4 48. Kxg4 Rxh6 49. Kf4 Rh1 50. Ke3 Ra1 51. Kd4 Rxa3 0-1


[Site "https://www.chess.com"]

[Event "Titled Tuesday Blitz December 13 Late 2022"]
[White "Polster, Christian"]
[Black "Kanyamarala, Trisha"]
[WhiteFideId "12965081"]
[BlackFideId "45004722"]
[WhiteElo "2195"]
[BlackElo "2135"]
[Result "1-0"]
[Round "09"]
[TimeControl "180+1"]
[Date "2022.12.14"]
[WhiteClock "0:00:19"]
[BlackClock "0:00:25"]

1. e4 c5 2. Nc3 Nc6 3. Nge2 g6 4. d4 cxd4 5. Nxd4 Bg7 6. Be3 d6 7. Bc4 Nf6 8. f3 O-O 9. Bb3 a6 10. Qd2 Nxd4 11. Bxd4 b5 12. O-O-O Bb7 13. Kb1 b4 14. Nd5 Nxd5 15. Bxd5 Bxd5 16. exd5 Qa5 17. Bxg7 Kxg7 18. g4 Rac8 19. h4 h6 20. h5 g5 21. f4 gxf4 22. Qxf4 Qc5 23. Qf5 e6 24. dxe6 Qxf5 25. gxf5 fxe6 26. fxe6 Kf6 27. Rxd6 Ke7 28. Rxa6 Rf2 29. Rc1 Rc5 30. Ra7+ Kxe6 31. Ra6+ Kf7 32. Rxh6 Kg7 33. Rg6+ Kf7 34. Rb6 Rc4 35. h6 Rh2 36. b3 Rf4 37. Kb2 Kg8 38. Rg1+ Kf7 39. Rg7+ Kf8 40. Rb8# 1-0


[Site "https://www.chess.com"]

[Event "Titled Tuesday Blitz December 13 Late 2022"]
[White "Rodriguez Fontecha, Marcos"]
[Black "Harshavardhan G B"]
[WhiteFideId "2256576"]
[BlackFideId "25059009"]
[WhiteElo "2263"]
[BlackElo "2323"]
[Result "1-0"]
[Round "09"]
[TimeControl "180+1"]
[Date "2022.12.13"]
[WhiteClock "0:00:30"]
[BlackClock "0:01:08"]

1. Nf3 Nf6 2. g4 g6 3. g5 Ne4 4. d3 Nd6 5. e4 Nc6 6. h4 h5 7. Nc3 e5 8. Nd5 Bg7 9. Be3 b6 10. Bh3 Bb7 11. Qd2 Nd4 12. Nxd4 exd4 13. Bf4 Bxd5 14. exd5 O-O 15. O-O-O a5 16. Rhe1 a4 17. a3 Re8 18. Rxe8+ Qxe8 19. Re1 Qf8 20. Bxd7 Rd8 21. Bc6 Rc8 22. Qe2 Nf5 23. Bd7 Rd8 24. Bxf5 gxf5 25. Qf3 Qc5 26. Qxh5 Qxd5 27. Kb1 c5 28. g6 fxg6 29. Qxg6 Qf7 30. Qxb6 c4 31. Qxd8+ 1-0


[Site "https://www.chess.com"]

[Event "Titled Tuesday Blitz December 13 Late 2022"]
[White "Rodriguez Santiago, Jaime"]
[Black "Kanyamarala, Tarun"]
[WhiteFideId "3100898"]
[BlackFideId "45004714"]
[WhiteElo "2025"]
[BlackElo "2305"]
[Result "0-1"]
[Round "09"]
[TimeControl "180+1"]
[Date "2022.12.14"]
[WhiteClock "0:00:03"]
[BlackClock "0:01:35"]

1. c4 c5 2. Nc3 Nc6 3. g3 g6 4. Bg2 Bg7 5. e4 e6 6. Nge2 Nge7 7. d3 O-O 8. O-O b6 9. Rb1 Bb7 10. a3 d6 11. Be3 Qd7 12. b4 Nd4 13. Qd2 Nxe2+ 14. Nxe2 cxb4 15. axb4 d5 16. exd5 exd5 17. c5 d4 18. Bh6 Bxg2 19. Kxg2 Qd5+ 20. Kg1 bxc5 21. bxc5 Qxc5 22. Bxg7 Kxg7 23. Rfc1 Qd6 24. Rc4 Nf5 25. Rb7 Rfb8 26. Qb2 Rxb7 27. Qxb7 Rb8 28. Qe4 Rb1+ 29. Kg2 Qf6 30. Nxd4 Nd6 31. Qd5 Nxc4 32. Qxc4 Qb6 33. Qd5 Qb7 34. Nc6 Rb5 35. Qd4+ f6 36. Qe4 Rc5 37. Nd8 Qxe4+ 38. dxe4 Rc8 39. Ne6+ Kf7 40. Nd4 a5 41. Nb5 Ke7 42. Kf3 a4 43. Ke3 Rc5 44. Nd4 a3 45. Kd3 a2 0-1


[Site "https://www.chess.com"]

[Event "Titled Tuesday Blitz December 13 Late 2022"]
[White "Rosen, Eric"]
[Black "Gutkin, Ilya"]
[WhiteFideId "2032562"]
[BlackFideId "16203470"]
[WhiteElo "2362"]
[BlackElo "2265"]
[Result "1-0"]
[Round "09"]
[TimeControl "180+1"]
[Date "2022.12.13"]
[WhiteClock "0:00:10"]
[BlackClock "0:00:01"]

1. d4 e6 2. Bf4 c5 3. e3 d5 4. Nf3 Bd6 5. Bb5+ Nc6 6. O-O Ne7 7. Bxd6 Qxd6 8. c4 dxc4 9. Na3 cxd4 10. Nxc4 Qc5 11. Qxd4 Qxd4 12. Nxd4 O-O 13. Nxc6 bxc6 14. Ba4 Ba6 15. Rac1 Rab8 16. Bb3 Rfd8 17. Rfd1 Bxc4 18. Bxc4 Rxd1+ 19. Rxd1 Nd5 20. Rd2 Kf8 21. Kf1 Ke7 22. g3 Nf6 23. f3 Nd5 24. Ke2 Nb6 25. Bd3 c5 26. Rc2 Rc8 27. b3 h6 28. h4 g5 29. h5 Nd5 30. a3 Kd6 31. e4 Nb6 32. Ke3 f6 33. Bb5 Ke7 34. f4 gxf4+ 35. gxf4 Kf7 36. Ba6 Rg8 37. Rxc5 Rg3+ 38. Kf2 Rxb3 39. Rc7+ Kf8 40. a4 Nxa4 41. Rxa7 Nc5 42. Bc4 1-0


[Site "https://www.chess.com"]

[Event "Titled Tuesday Blitz December 13 Late 2022"]
[White "Samsonkin, Artiom"]
[Black "Ibarra Jerez, Jose Carlos"]
[WhiteFideId "13503111"]
[BlackFideId "2226332"]
[WhiteElo "2524"]
[BlackElo "2638"]
[Result "0-1"]
[Round "09"]
[TimeControl "180+1"]
[Date "2022.12.13"]
[WhiteClock "0:00:01"]
[BlackClock "0:00:52"]

1. e4 c5 2. Nf3 Nc6 3. Bb5 e6 4. O-O Nge7 5. Nc3 a6 6. Bxc6 Nxc6 7. d4 cxd4 8. Nxd4 Be7 9. Nxc6 bxc6 10. e5 Qa5 11. Re1 O-O 12. Qg4 f6 13. Bh6 Rf7 14. exf6 Bxf6 15. Ne4 Bxb2 16. Rab1 Ba3 17. Re3 Bf8 18. Ng5 Rf6 19. Rh3 Qf5 20. Qg3 Rxh6 21. Rxh6 gxh6 22. Nxe6+ Qg6 0-1


[Site "https://www.chess.com"]

[Event "Titled Tuesday Blitz December 13 Late 2022"]
[White "Sanchez, Robert"]
[Black "Kleiman, Jake"]
[WhiteFideId "2034360"]
[BlackFideId "2020041"]
[WhiteElo "2350"]
[BlackElo "2606"]
[Result "0-1"]
[Round "09"]
[TimeControl "180+1"]
[Date "2022.12.14"]
[WhiteClock "0:00:04"]
[BlackClock "0:00:14"]

1. e4 e5 2. Nf3 Nc6 3. Bb5 a6 4. Ba4 Nf6 5. d3 b5 6. Bb3 Bc5 7. Nc3 d6 8. Bg5 h6 9. Bh4 g5 10. Nxg5 hxg5 11. Bxg5 Rg8 12. h4 Bb4 13. Qf3 Rg6 14. O-O-O Nd4 15. Qe3 Bxc3 16. bxc3 Nxb3+ 17. cxb3 Ng4 18. Qe2 f6 19. Bd2 f5 20. f3 Nf6 21. Bg5 Qe7 22. Kb2 f4 23. d4 Be6 24. d5 Bd7 25. c4 Kf7 26. Rc1 b4 27. Qf2 c5 28. dxc6 Bxc6 29. Rhd1 Qc7 30. Qd2 Nd7 31. Qxb4 Nc5 32. Qd2 a5 33. Qf2 Rb8 34. g4 a4 35. Rc3 axb3 36. Rxb3 Nxb3 37. axb3 Qb6 38. Qc2 Ba4 39. Rd3 Rgg8 40. Qc3 Rgc8 41. Kc2 Bb5 42. Rd5 Bd7 43. h5 Be6 44. Rd3 Qa6 45. Kb2 Bxc4 46. Rd2 Rxb3+ 0-1


[Site "https://www.chess.com"]

[Event "Titled Tuesday Blitz December 13 Late 2022"]
[White "Sarana, Alexey"]
[Black "Paravyan, David"]
[WhiteFideId "24133795"]
[BlackFideId "4194985"]
[WhiteElo "2708"]
[BlackElo "2551"]
[Result "1-0"]
[Round "09"]
[TimeControl "180+1"]
[Date "2022.12.13"]
[WhiteClock "0:00:06"]
[BlackClock "0:00:01"]

1. d4 Nf6 2. c4 g6 3. Nc3 d5 4. Nf3 Bg7 5. h4 O-O 6. cxd5 Nxd5 7. h5 Bg4 8. hxg6 hxg6 9. Nh2 Nxc3 10. bxc3 Bd7 11. Nf3 Bg4 12. Qd3 c5 13. Ne5 Bxe5 14. dxe5 Qxd3 15. exd3 Nc6 16. f4 Rfd8 17. Be3 Rac8 18. Be2 Bxe2 19. Kxe2 b6 20. Rh4 Kg7 21. Rah1 Rh8 22. Kf3 Rxh4 23. Rxh4 e6 24. g4 Rh8 25. Rxh8 Kxh8 26. Ke4 Kg7 27. a3 Ne7 28. c4 Nc6 29. Bf2 Kf8 30. Be1 Ke8 31. Bc3 Kd7 32. Bd2 Nd4 33. Bc3 Nc6 34. Bd2 a6 35. a4 Nd4 36. Bc3 Nb3 37. Ke3 Kc6 38. Ke4 b5 39. cxb5+ axb5 40. axb5+ Kxb5 41. f5 gxf5+ 42. gxf5 Kc6 43. f6 Nc1 44. Bd2 Na2 45. Be1 Nb4 46. Bd2 Nc2 47. Bc3 Na3 48. Bb2 Nb5 49. Ba1 Na7 50. Bb2 Nc8 51. Bc3 Nb6 52. Bb2 Nd5 53. Ba1 Nb6 54. Bb2 Na4 55. Ba1 Kb5 56. Kf4 c4 57. dxc4+ Kxc4 58. Kg5 Kd5 59. Kh6 Nc5 60. Kg7 Ke4 61. Kxf7 Kf5 62. Ke7 1-0


[Site "https://www.chess.com"]

[Event "Titled Tuesday Blitz December 13 Late 2022"]
[White "Sariego Figueredo, Wilfredo"]
[Black "Kovacevic, Radmila"]
[WhiteFideId "3500080"]
[BlackFideId "933171"]
[WhiteElo "2309"]
[BlackElo "2244"]
[Result "0-1"]
[Round "09"]
[TimeControl "180+1"]
[Date "2022.12.14"]
[WhiteClock "0:02:24"]
[BlackClock "0:02:10"]

1. d4 e5 2. dxe5 Nc6 3. f4 d6 4. Nf3 Bg4 5. exd6 Bxd6 6. h3 Bxf3 7. exf3 Qh4+ 8. Ke2 O-O-O 9. Nc3 Bc5 10. Qe1 Nd4+ 0-1


[Site "https://www.chess.com"]